 Dungeon Crawl Stone Soup version 0.29.1-15-g9cfb28693d (webtiles) character file.

Game seed: 3919124161727735152

102 sking99 the Shooter (level 5, -1/32 HPs)
             Began as a Kobold Hunter on Feb 24, 2023.
             Killed from afar by Natasha (5 damage)
             ... with a magic dart
             ... on level 3 of the Dungeon.
             The game lasted 00:03:48 (2588 turns).

sking99 the Shooter (Kobold Hunter)                 Turns: 2588, Time: 00:03:48

Health: -1/32      AC:  3    Str:  8    XL:     5   Next: 5%
Magic:  5/5        EV: 15    Int: 10    God:
Gold:   133        SH:  0    Dex: 21    Spells: 4/4 levels left

rFire   . . .      SeeInvis .   a - +0 shortbow
rCold   . . .      Faith    .   (shield currently unavailable)
rNeg    . . .      Spirit   .   c - +0 leather armour
rPois   .          Reflect  .   (no helmet)
rElec   .          Harm     .   (no cloak)
rCorr   .          Rampage  .   (no gloves)
Will    .....                   (no boots)
Stlth   +++.......              (no amulet)
HPRegen 0.10/turn               (no ring)
MPRegen 0.09/turn               (no ring)

@: no status effects
A: small, no large weapons, nightstalker 3
a: no special abilities


You were on level 3 of the Dungeon.
You visited 1 branch of the dungeon, and saw 3 of its levels.

You collected 133 gold pieces.

Inventory:

Hand Weapons
 a - a +0 shortbow (weapon)
Armour
 c - a +0 leather armour (worn)
Scrolls
 b - 2 scrolls of immolation
 d - 2 scrolls of teleportation {unknown}
 e - 5 scrolls of identify {unknown}
 g - a scroll of fear {unknown}
 h - a scroll of enchant weapon {unknown}
 i - 2 scrolls of enchant armour {unknown}
Potions
 f - 2 potions of curing {unknown}
 j - a potion of mutation {unknown}
 k - a potion of brilliance {unknown}
 l - a potion of attraction {unknown}
 m - a potion of lignification {unknown}


   Skills:
 + Level 3.2 Fighting
 * Level 6.3 Ranged Weapons
 + Level 3.5 Dodging
 - Level 2.6 Stealth


You had 4 spell levels left.
You didn't know any spells.
Your spell library contained the following spells:

 Spells                   Type           Power      Damage    Failure   Level
 Ensorcelled Hibernation  Hex/Ice        0%         N/A       63%         2
 Passwall                 Tmut/Erth      0%         N/A       63%         2
 Ignite Poison            Fire/Tmut/Pois 0%         N/A       86%         3
 Mephitic Cloud           Conj/Pois/Air  0%         N/A       86%         3
 Ozocubu's Armour         Ice            0%         N/A       86%         3
 Summon Guardian Golem    Hex/Summ       0%         N/A       86%         3
 Swiftness                Air            0%         N/A       86%         3
 Freezing Cloud           Conj/Ice/Air   0%         6-21      100%        5
 Metabolic Englaciation   Hex/Ice        0%         N/A       100%        5
 Conjure Ball Lightning   Conj/Air       0%         3x3d6     100%        6
 Orb of Destruction       Conj           0%         9d5       100%        7
 Spellforged Servitor     Conj/Summ      0%         N/A       100%        7


Dungeon Overview and Level Annotations

Branches:
Dungeon (3/15)

Altars:

Shops:
D:2 (   D:3 (

Annotations:
D:3 Natasha


Innate Abilities, Weirdness & Mutations

You are small and have problems with some larger weapons.
You are completely attuned to the shadows.


Message History

Natasha barely misses you.
Fire: a) +0 shortbow
Press: ? - help, Q - select action Shift-Dir - straight line, f/p - Natasha
Aim: Natasha (severely wounded, 60% to hit)
You shoot an arrow. The arrow hits Natasha!
You kill Natasha!
Natasha screams in pain as she dies!
You have reached level 5!
You feel agile.
You start resting.
Natasha, Servant of Life and Death comes into view.
Natasha misses you.
Fire: a) +0 shortbow
Press: ? - help, Q - select action Shift-Dir - straight line, f - Natasha
Aim: Natasha (60% to hit)
You shoot an arrow. The arrow hits Natasha!
Natasha is heavily wounded.
Natasha casts a spell at you. The magic dart hits you!
Fire: a) +0 shortbow
Press: ? - help, Q - select action Shift-Dir - straight line, f/p - Natasha
Aim: Natasha (heavily wounded, 60% to hit)
You shoot an arrow. The arrow misses Natasha.
Natasha closely misses you.
Fire: a) +0 shortbow
Press: ? - help, Q - select action Shift-Dir - straight line, f/p - Natasha
Aim: Natasha (heavily wounded, 60% to hit)
You shoot an arrow. The arrow barely misses Natasha.
Natasha mewls in sadness.
Natasha barely misses you.
Fire: a) +0 shortbow
Press: ? - help, Q - select action Shift-Dir - straight line, f/p - Natasha
Aim: Natasha (heavily wounded, 60% to hit)
You shoot an arrow. The arrow hits Natasha.
Natasha is almost dead.
Natasha claws you!
* * * LOW HITPOINT WARNING * * *
Natasha casts a spell at you. The magic dart hits you.
You die...

#.######### ..........#
#.........# +..†......#
#...#.##'##
#...#....#####.
.#.....##......
#...#.##.#########
#.#.#.##.....#@..#
#......÷####.##h.####
#................#..#
#............###.#..###
#...#........# #.#....#
###.########## #.##.#.#
#.####### #....#.#
#.......# ######.#
#...###.# #.....#


You could see Natasha.

Vanquished Creatures
  Natasha (D:3)
  3 adders
  An orc (D:3)
  4 endoplasms
  4 giant cockroaches
  4 goblins
  4 hobgoblins
  5 kobolds
  A quokka (D:3)
  9 ball pythons
  7 bats
  4 frilled lizards
  4 rats
51 creatures vanquished.

Notes
Turn   | Place    | Note
-------+----------+-------------------------------------------
     0 | D:1      | sking99 the Kobold Hunter began the quest for the Orb.
     0 | D:1      | Reached XP level 1. HP: 12/12 MP: 1/1
   115 | D:1      | Reached XP level 2. HP: 18/18 MP: 2/2
   225 | D:1      | Noticed a chaos spawn
   229 | D:1      | Found a faded altar of an unknown god.
   449 | D:1      | Reached XP level 3. HP: 22/22 MP: 3/3
  1027 | D:2      | Found Qeosie's Antique Weapon Boutique.
  1476 | D:2      | Got the Handbook of Frostbite and the Storm
  1805 | D:2      | Reached XP level 4. HP: 25/27 MP: 4/4
  2135 | D:3      | Found Ruoxaxta's Weapon Shop.
  2290 | D:3      | Reached skill level 6 in Ranged Weapons
  2506 | D:3      | Noticed Natasha
  2515 | D:3      | Killed Natasha
  2516 | D:3      | Reached XP level 5. HP: 12/32 MP: 5/5
  2584 | D:3      | Noticed Natasha
  2588 | D:3      | Killed from afar by Natasha

Illustrated notes

Levels and vault maps discovered:
D:1:      shiori_arrival_elements, layout_loops_ring,
          dreamdust_ecumenical_altar_sealed_demon
D:2:      layout_loops_ring, serial_shops, nicolae_shop_crystal,
          nicolae_concentric_dashed_squares_mild
D:3:      layout_basic, serial_shops, nicolae_shop_bloodbath_and_beyond,
          uniq_natasha

Skill      XL: |  1  2  3  4 |
---------------+-------------+-----
Stealth        | 2 |  2.6
Dodging        | 3 |  3.5
Fighting       | 3 |  3.2
Ranged Weapons | 6 |  6.3

Action                   |  1- 3 |  4- 6 || total
-------------------------+-------+-------++-------
Melee: Shortbow          |     1 |       ||     1
 Fire: Shortbow          |    85 |    39 ||   124
Armor: Leather armour    |     6 |     2 ||     8
Dodge: Dodged            |    43 |    24 ||    67
